 Dungeon Crawl Stone Soup version 0.31-a0-654-gbe3e110b4e (webtiles) character file.

Game seed: 13426818449206767068

59 thirtiethelement the Grave Robber (level 3, -3/23 (24) HPs)
             Began as a Demonspawn Necromancer on Aug 29, 2023.
             Slain by an orc
             ... wielding a +0 flail
              (9 damage)
             ... on level 2 of the Dungeon.
             The game lasted 00:04:22 (1434 turns).

thirtiethelement the Grave Robber (DsNe)            Turns: 1434, Time: 00:04:23

HP:   -3/23 (24)    AC:  2    Str:  8    XL:     3   Next: 78%
MP:   1/6           EV: 12    Int: 16    God:
Gold: 168           SH:  0    Dex: 15    Spells: 3/7 levels left

rFire   . . .        a - +1 dagger (drain)
rCold   . . .        (no shield)
rNeg    . . .        l - +0 robe
rPois   .            (no helmet)
rElec   .            f - scarf {+Inv}
rCorr   .            (no gloves)
SInv    .            (no boots)
Will    .....        (no amulet)
Stlth   ++           (no ring)
HPRegen 0.23/turn    (no ring)
MPRegen 0.10/turn

%: no passive effects
@: very slightly contaminated, lightly drained
A: claws 1
a: Evoke Invisibility


You were on level 2 of the Dungeon.
You visited 1 branch of the dungeon, and saw 2 of its levels.

You collected 168 gold pieces.

Inventory:

Hand Weapons
 a - a +1 dagger of draining (weapon)
Armour
 f - a scarf of invisibility (worn)
 j - a +0 pair of gloves
 l - a +0 robe (worn)
Magical Staves
 b - a staff of earth
Talismans
 k - a storm talisman
Scrolls
 d - a scroll of revelation {unknown}
 g - a scroll of teleportation {unknown}
 i - a scroll of poison {unknown}
Potions
 c - 3 potions of heal wounds {unknown}
 e - a potion of attraction {unknown}
 h - a potion of magic


   Skills:
 + Level 0.6 Short Blades
 + Level 2.0 Dodging
 + Level 2.1 Stealth
 + Level 2.5 Spellcasting
 + Level 5.2 Necromancy


You had 3 spell levels left.
You knew the following spells:

 Your Spells              Type           Power      Damage    Failure   Level
a - Necrotise             Necr           72%        1d7       2%          1
b - Vampiric Draining     Necr           18%        2d7       7%          3

Your spell library contained the following spells:

 Spells                   Type           Power      Damage    Failure   Level
 Inner Flame              Hex/Fire       2%         N/A       52%         3
 Stone Arrow              Conj/Erth      4%         3d7       52%         3
 Animate Dead             Necr           18%        N/A       22%         4
 Agony                    Necr           18%        N/A       54%         5
 Animate Armour           Summ/Erth      4%         N/A       89%         4
 Yara's Violent Unravell  Hex/Tmut       1%         3d3       99%         5
 Conjure Ball Lightning   Conj/Air       1%         3x3d6     100%        6
 Enfeeble                 Hex            1%         N/A       100%        7
 Discord                  Hex            1%         N/A       100%        8
 Disjunction              Tloc           1%         N/A       100%        8
 Lehudib's Crystal Spear  Conj/Erth      1%         10d2      100%        8


Dungeon Overview and Level Annotations

Branches:
Dungeon (2/15)

Altars:

Shops:
D:2 (


Innate Abilities, Weirdness & Mutations

You have sharp fingernails.


Message History

The orc shouts!
The orc wizard casts a spell at you.
You are confused.
The orc wizard mumbles some strange words.
The orc wizard flickers and vanishes!
Deactivating autopickup; reactivate with Ctrl-A.
You hit the orc. You drain the orc.
You kill the orc!
An orc comes into view. It is wielding a +0 short sword.
You barely miss the orc. The orc hits you with a +0 short sword.
You hit the orc.
The orc is heavily wounded.
You closely miss the orc.
The orc is heavily wounded.
The orc hits you with a +0 short sword. Something hits you.
You hit the orc. You drain the orc.
You kill the orc!
You feel less confused. The orc closely misses you.
Something barely misses you.
Casting: Necrotise (safe; 2% risk of failure)
Confirm with . or Enter, or press ? or * to list all spells.
Aiming: Necrotise (safe; 2% risk of failure)
Press: ? - help, Shift-Dir - straight line, f - orc
Aim: an orc, wielding a +0 short sword and wearing a +0 chain mail (chance to affect: 88%)
The orc writhes in agony!
You kill the orc!
The dead are walking!
The orc hits you with a +0 flail.
You hear some strange, mumbled words.
A magic dart appears from out of thin air!
The magic dart hits you.
* * * LOW HITPOINT WARNING * * *
Casting: Necrotise (safe; 2% risk of failure)
Confirm with . or Enter, or press ? or * to list all spells.
Aiming: Vampiric Draining (quite dangerous; 7% risk of failure)
Press: ? - help, Shift-Dir - straight line, f - orc
Aim: an orc, wielding a +0 flail (ally target)
You miscast Vampiric Draining.
You are very lightly contaminated with residual magic.
Nothing appears to happen.
The orc hits you with a +0 flail!
You die...

#...# #...##
..#.######..##
.........#..#
............#
............##
.............##
...........#..#####
.....<..(...=.....#
...............{@.#
..............)o)Z#
..................#
.####.........#####
.# .##.##...# .
.##....... ##....
....


You could see an orc (ally target) and a friendly orc skeleton.

Vanquished Creatures
  3 dart slugs (D:2)
  3 orcs (D:2)
  7 ball pythons
  3 endoplasms
  2 giant cockroaches (D:2)
  5 goblins
  5 hobgoblins
  2 quokkas (D:2)
  2 bats
  3 frilled lizards
  4 kobolds
  6 rats
45 creatures vanquished.

Vanquished Creatures (collateral kills)
  A ball python (D:1)
1 creature vanquished.

Grand Total: 46 creatures vanquished

Notes
Turn   | Place    | Note
-------+----------+-------------------------------------------
     0 | D:1      | thirtiethelement the Demonspawn Necromancer began the quest
                  | for the Orb.
     0 | D:1      | Reached XP level 1. HP: 13/13 MP: 3/3
   477 | D:1      | Gained mutation: You have sharp fingernails. [demonic
                  | ancestry]
   477 | D:1      | Reached XP level 2. HP: 7/19 MP: 3/5
   701 | D:1      | Reached skill level 5 in Necromancy
  1053 | D:2      | Found Xenwot's Antique Weapon Shop.
  1065 | D:2      | Reached XP level 3. HP: 14/24 MP: 2/6
  1134 | D:2      | Learned a level 3 spell: Vampiric Draining
  1434 | D:2      | Slain by an orc

Illustrated notes

Levels and vault maps discovered:
D:1:      dpeg_arrival_pits, layout_basic
D:2:      layout_rooms, basic_ecumenical_altar, serial_shops, shop

Skill      XL: |  1  2  3 |
---------------+----------+-----
Stealth        | 2 |  2.1
Necromancy     | 5 |  5.2
Dodging        | 2 |  2.0
Short Blades   | |  0.6
Spellcasting   | |  2.5

Action                     || total
---------------------------++-------
  Melee: Short sword       ||    66
         Unarmed           ||     4
         Dagger            ||    22
   Cast: Necrotise         ||    31
   Stab: Sleeping          ||     4
 Armour: Robe              ||    27
  Dodge: Dodged            ||    78

Table legend: (Time is in decaauts)
 A = Elapsed time spent in this place.
 B = Non-inter-level travel time spent in this place.
 C = Inter-level travel time spent in this place.
 D = Time resting spent in this place.
 E = Time spent auto-exploring this place.
 F = Levels seen in this place.
 G = Mean time per level.
                   A        B        C        D        E       F      G
               +--------+--------+--------+--------+--------+-----+--------+
         Total |   1432 |   1386 |     46 |     56 |    973 |   2 |  716.0 |
       Dungeon |   1432 |   1386 |     46 |     56 |    973 |   2 |  716.0 |
               +--------+--------+--------+--------+--------+-----+--------+

Top non-repeatable levels by time:
     D:1: 976 daAuts
     D:2: 456 daAuts
